 Dungeon Crawl Stone Soup version 0.21-a0-344-g2144152 (webtiles) character file.

141 Amnesiac the Skirmisher (level 5, -5/47 HPs)
             Began as a Gnoll Monk on Oct 4, 2017.
             Was a Believer of Ashenzari.
             Slain by a two-headed ogre
             ... wielding a +0 giant club
              (21 damage)
             ... on level 3 of the Dungeon.
             The game lasted 00:04:15 (2019 turns).

Amnesiac the Skirmisher (Gnoll Monk)                Turns: 2019, Time: 00:04:16

Health: -5/47      AC:  2    Str: 14    XL:     5   Next: 24%
Magic:  7/7        EV: 14    Int: 12    God:    Ashenzari [**....]
Gold:   56         SH:  8    Dex: 18    Spells: 6/6 levels left

rFire    . . .     SeeInvis .   a - +0 spear
rCold    . . .     Gourm    .   j - +0 shield
rNeg     . . .     Faith    .   b - +0 robe
rPois    .         Spirit   .   (no helmet)
rElec    .         Reflect  .   (no cloak)
rCorr    .         Harm     .   (no gloves)
MR       .....                  (no boots)
Stlth    +++.......             (no amulet)
HPRegen  0.15/turn              (no ring)
MPRegen  0.10/turn              (no ring)

@: lethally poisoned (-5 -> -7)
A: distributed training, fangs 1, strong nose
a: Curse Item, Scrying, Renounce Religion


You were on level 3 of the Dungeon.
You worshipped Ashenzari.
Ashenzari was pleased with you.
You were hungry.

You visited 1 branch of the dungeon, and saw 3 of its levels.

You collected 56 gold pieces.

Inventory:

Hand Weapons
 a - a +0 spear (weapon)
Armour
 b - a +0 robe (worn)
 j - a +0 shield (worn)
Scrolls
 h - a scroll of enchant weapon {!r}
 i - 2 scrolls of recharging {!r}
Potions
 e - a potion of heal wounds {!q}
Comestibles
 c - a bread ration
 f - 4 fruits
 g - 2 royal jellies
 k - 3 chunks of flesh


   Skills:
 + Level 6.6 Fighting
 + Level 1.4 Short Blades
 + Level 1.4 Long Blades
 + Level 1.4 Axes
 + Level 1.4 Maces & Flails
 + Level 6.6 Polearms
 + Level 1.4 Staves
 + Level 1.4 Slings
 + Level 1.4 Bows
 + Level 1.4 Crossbows
 + Level 1.4 Throwing
 + Level 1.4 Armour
 + Level 6.6 Dodging
 + Level 4.3 Stealth
 + Level 1.4 Shields
 + Level 1.4 Unarmed Combat
 + Level 1.4 Spellcasting
 + Level 1.4 Conjurations
 + Level 1.4 Hexes
 + Level 1.4 Charms
 + Level 1.4 Summonings
 + Level 1.4 Necromancy
 + Level 1.4 Translocations
 + Level 1.4 Transmutations
 + Level 1.4 Fire Magic
 + Level 1.4 Ice Magic
 + Level 1.4 Air Magic
 + Level 1.4 Earth Magic
 + Level 1.4 Poison Magic
 + Level 1.4 Invocations
 + Level 1.4 Evocations


You had 6 spell levels left.
You didn't know any spells.

Dungeon Overview and Level Annotations

Branches:
Dungeon (3/15)

Altars:
Ashenzari
Cheibriados
Fedhas
Okawaru
Ru


Innate Abilities, Weirdness & Mutations

Your experience applies equally to all skills.
You have very sharp teeth.
Your uncanny sense of smell can sniff out nearby items.


Message History

You hit the orc but do no damage. You bite the orc, but do no damage.
You block the orc's attack. The orc hits you with a dagger.
You closely miss the orc. You block the orc's attack.
You hit the orc. You bite the orc, but do no damage.
The orc is lightly wounded.
The orc hits you with a dagger.
You hit the orc.
The orc is heavily wounded.
You hit the orc but do no damage.
The orc is heavily wounded.
The orc barely misses you.
You hit the orc.
You kill the orc!
The adder bites you but does no damage.
You barely miss the adder. The adder bites you.
You are poisoned.
The adder poisons you!
You hit the adder.
The adder is lightly wounded.
You feel sick. The adder bites you.
You closely miss the adder.
The adder is lightly wounded.
The adder closely misses you.
You barely miss the adder.
The adder is lightly wounded.
The adder misses you.
You hit the adder but do no damage.
The adder is lightly wounded.
You feel sick. You block the adder's attack.
You hit the adder.
The adder is severely wounded.
The adder bites you.
* * * LOW HITPOINT WARNING * * *
You are more poisoned.
The adder poisons you!
You feel sick. The adder misses you.
You feel sick.
Really walk into that teleport trap?
You enter a teleport trap!
The teleport trap disappears.
Your surroundings suddenly seem different.
A frilled lizard and a rat come into view.
You feel sick.
You feel sick.
A hobgoblin comes into view.
The hobgoblin moves out of view.
A kobold comes into view. It is wielding a dagger.
Found a bread ration.
You feel sick.
You closely miss the kobold. You bite the kobold, but do no damage.
You feel sick. The kobold barely misses you. x2
You hit the kobold.
The kobold is severely wounded.
The kobold hits you with a dagger.
* * * LOW HITPOINT WARNING * * *
You closely miss the kobold.
The kobold is severely wounded.
You block the two-headed ogre's attack. x2
You hit the kobold.
You kill the kobold!
You block the two-headed ogre's attack.
The two-headed ogre hits you with a giant club!!
You die...

...########..
..........# ,
......... ... *
#........# , **
......... #..
#........#
.........
#..###........#
...######
#............#
...#
###.##.......#
...#
#.##########
.(.# #O### , ,
...# #.@.# *
...## ###)# *
....### , ...
......# *, .#.#
, ......#
..%.., *
......####### *
*## ###**
............#*
, *
......####.#. *
* **
.....S###.# *


You could see a two-headed ogre.

Vanquished Creatures
  An orc wizard (D:2)
  3 gnolls
  2 adders
  A worm (D:3)
  5 dart slugs
  2 leopard geckos
  2 orcs (D:3)
  7 bats
  A giant cockroach (D:1)
  9 goblins
  5 hobgoblins
  8 kobolds
  A ball python (D:1)
  5 frilled lizards
  3 rats (D:2)
55 creatures vanquished.

Notes
Turn   | Place    | Note
-------+----------+-------------------------------------------
     0 | D:1      | Amnesiac the Gnoll Monk began the quest for the Orb.
     0 | D:1      | Reached XP level 1. HP: 23/23 MP: 1/1
    40 | D:1      | Found a shattered altar of Ashenzari.
    50 | D:1      | Became a worshipper of Ashenzari the Shackled
    50 | D:1      | Reached * piety under Ashenzari
    50 | D:1      | Reached ** piety under Ashenzari
   118 | D:1      | Reached XP level 2. HP: 28/29 MP: 2/2
   463 | D:1      | Reached XP level 3. HP: 35/35 MP: 3/3
   965 | D:2      | Found a blossoming altar of Fedhas.
  1029 | D:2      | Reached skill level 1 in Short Blades
  1029 | D:2      | Reached skill level 1 in Long Blades
  1029 | D:2      | Reached skill level 1 in Axes
  1029 | D:2      | Reached skill level 1 in Maces & Flails
  1029 | D:2      | Reached skill level 1 in Staves
  1029 | D:2      | Reached skill level 1 in Slings
  1029 | D:2      | Reached skill level 1 in Bows
  1029 | D:2      | Reached skill level 1 in Crossbows
  1029 | D:2      | Reached skill level 1 in Throwing
  1029 | D:2      | Reached skill level 1 in Armour
  1029 | D:2      | Reached skill level 1 in Shields
  1029 | D:2      | Reached skill level 1 in Unarmed Combat
  1029 | D:2      | Reached skill level 1 in Spellcasting
  1029 | D:2      | Reached skill level 1 in Conjurations
  1029 | D:2      | Reached skill level 1 in Hexes
  1029 | D:2      | Reached skill level 1 in Charms
  1029 | D:2      | Reached skill level 1 in Summonings
  1029 | D:2      | Reached skill level 1 in Necromancy
  1029 | D:2      | Reached skill level 1 in Translocations
  1029 | D:2      | Reached skill level 1 in Transmutations
  1029 | D:2      | Reached skill level 1 in Fire Magic
  1029 | D:2      | Reached skill level 1 in Ice Magic
  1029 | D:2      | Reached skill level 1 in Air Magic
  1029 | D:2      | Reached skill level 1 in Earth Magic
  1029 | D:2      | Reached skill level 1 in Poison Magic
  1029 | D:2      | Reached skill level 1 in Invocations
  1029 | D:2      | Reached skill level 1 in Evocations
  1065 | D:2      | Reached XP level 4. HP: 25/41 MP: 5/5
  1074 | D:2      | Found an iron altar of Okawaru.
  1170 | D:2      | Found a snail-covered altar of Cheibriados.
  1411 | D:2      | Found a sacrificial altar of Ru.
  1650 | D:3      | Reached XP level 5. HP: 44/47 MP: 6/6
  1938 | D:3      | Noticed a two-headed ogre
  2019 | D:3      | Slain by a two-headed ogre

Vault maps used:
D:1:      scummos_arrival_gate, nicolae_ashenzari_panopticon
D:2:      nicolae_ru_great_annihilating_truth, cheibriados_altar_1,
          lemuel_round_altar, fedhas_altar_2
D:3:      minmay_crystal_room

Skill      XL: |  1  2  3 |
---------------+----------+-----
Short Blades   | 1 |  1.4
Long Blades    | 1 |  1.4
Axes           | 1 |  1.4
Maces & Flails | 1 |  1.4
Staves         | 1 |  1.4
Slings         | 1 |  1.4
Bows           | 1 |  1.4
Crossbows      | 1 |  1.4
Throwing       | 1 |  1.4
Armour         | 1 |  1.4
Shields        | 1 |  1.4
Unarmed Combat | 1 |  1.4
Spellcasting   | 1 |  1.4
Conjurations   | 1 |  1.4
Hexes          | 1 |  1.4
Charms         | 1 |  1.4
Summonings     | 1 |  1.4
Necromancy     | 1 |  1.4
Translocations | 1 |  1.4
Transmutations | 1 |  1.4
Fire Magic     | 1 |  1.4
Ice Magic      | 1 |  1.4
Air Magic      | 1 |  1.4
Earth Magic    | 1 |  1.4
Poison Magic   | 1 |  1.4
Invocations    | 1 |  1.4
Evocations     | 1 |  1.4
Fighting       | |  6.6
Polearms       | |  6.6
Dodging        | |  6.6
Stealth        | |  4.3

Action                   |  1- 3 |  4- 6 || total
-------------------------+-------+-------++-------
Melee: Spear             |   109 |   109 ||   218
       Bite              |     7 |     8 ||    15
  Use: Scroll            |       |     3 ||     3
 Stab: Sleeping          |     8 |     3 ||    11
       Paralysed         |       |     2 ||     2
       Invisible         |       |     1 ||     1
  Eat: Chunk             |     1 |     2 ||     3
Armor: Robe              |     8 |     8 ||    16
Dodge: Dodged            |    37 |    30 ||    67
Block: Shield            |     5 |    26 ||    31

Table legend:
 A = Spawn XP
 B = Non-spawn XP
 C = Spawn XP percentage of total XP
 D = Spawn monster count
 E = Non-spawn monster count
 F = Spawn count percentage of total count
 G = Total turns spent on level
                    A         B        C        D         E        F      G
               +---------+---------+-------+---------+---------+-------+---------
         Total |       0 |     202 |   0.0 |       0 |      55 |   0.0 |  2019
               +---------+---------+-------+---------+---------+-------+---------
           D:1 |       0 |      45 |   0.0 |       0 |      26 |   0.0 |   998
           D:2 |       0 |     109 |   0.0 |       0 |      19 |   0.0 |   665
           D:3 |       0 |      48 |   0.0 |       0 |      10 |   0.0 |   356
               +---------+---------+-------+---------+---------+-------+---------
